 Dungeon Crawl Stone Soup version 0.17.0-9-g801d43b (webtiles) character file.

70 xeno23 the Gusty (level 4, 0/24 HPs)
             Began as a Tengu Air Elementalist on Nov 10, 2015.
             Slain by an orc
             ... wielding a +0 morningstar
              (12 damage)
             ... on level 3 of the Dungeon.
             The game lasted 00:05:36 (1024 turns).

xeno23 the Gusty (Tengu Air Elementalist)           Turns: 1024, Time: 00:05:36

Health: 0/24       AC:  2    Str:  9    XL:     4   Next: 22%
Magic:  3/9        EV: 12    Int: 16    God:
Gold:   125        SH:  0    Dex: 14    Spells: 2 memorised, 4 levels left

rFire  . . .     SeeInvis .     m - +0 dagger (venom)
rCold  . . .     Clarity  .     a - +0 robe
rNeg   . . .     SustAt   .     (no shield)
rPois  .         Gourm    .     (helmet restricted)
rElec  .         Spirit   .     (no cloak)
rCorr  .         Warding  .     (no gloves)
rMut   .         Stasis   .     (boots unavailable)
MR     .....                    (no amulet)
Stlth  ++........               (no ring)
                                h - ring of invisibility

@: not resistant to hostile enchantments, unstealthy
A: beak, talons 3
a: Evoke Invisibility


You were on level 3 of the Dungeon.
You were not hungry.

You visited 1 branch of the dungeon, and saw 3 of its levels.

You collected 125 gold pieces.

Inventory:

Hand Weapons
 m - a +0 dagger of venom (weapon)
Armour
 a - a +0 robe (worn)
Jewellery
 h - a ring of invisibility (left hand)
Scrolls
 d - a scroll of remove curse {unknown}
 e - a scroll of amnesia {unknown}
 f - 4 scrolls of identify {unknown}
 i - a scroll of enchant armour {unknown}
Potions
 k - a potion of resistance {unknown}
 l - a potion of agility {unknown}
 n - a potion of lignification {unknown}
Books
 b - a book of Air

   Spells                             Type                      Level
   a - Shock                          Conjuration/Air              1
   b - Swiftness                      Charms/Air                   2
   c - Repel Missiles                 Charms/Air                   2
   d - Static Discharge               Conjuration/Air              3
   e - Lightning Bolt                 Conjuration/Air              5
Comestibles
 c - 2 bread rations
 g - a chunk of flesh
 j - a meat ration


   Skills:
 - Level 2.1 Dodging
 - Level 2.0 Stealth
 + Level 2.9 Spellcasting
 + Level 2.9 Conjurations
 + Level 5.0 Air Magic


You had 4 spell levels left.
You knew the following spells:

 Your Spells              Type           Power        Failure   Level  Hunger
a - Shock                 Conj/Air       ###.         4%          1    #......
q - Static Discharge      Conj/Air       ###.....     12%         3    ###....


Dungeon Overview and Level Annotations

Branches:
Dungeon (3/15)

Altars:
Fedhas


Innate Abilities, Weirdness & Mutations

You have a beak for a mouth.
You have claws for feet.


Message History

Aim: a hobgoblin (moderately wounded)
The zap hits the hobgoblin.
The hobgoblin is severely wounded.
The hobgoblin hits you.
You take 1 damage.
You closely miss the hobgoblin.
You claw the hobgoblin, but do no damage.
The hobgoblin is severely wounded.
The hobgoblin closely misses you.
You hit the hobgoblin.
You kill the hobgoblin!
An orc comes into view. It is wielding a morningstar.
The orc barely misses you.
You barely miss the orc. The orc hits you with a morningstar!
You take 11 damage.
You hit the orc.
The orc is poisoned.
You claw the orc.
The orc is severely wounded.
The orc hits you with a morningstar!
Ouch! That really hurt!
You die...

#.##.# ##...#.....
..##..##......####
. #...........## ..
#.####.####.#
...####.##.....##.#
......#.......#.#
....#.......#.#
#o....._.....#
#.@#.......#.#
#..#.......#.#
#..##.....##.#
#..####.####.#
#............#
#....#########
######


You could see an orc.

Vanquished Creatures
  An adder (D:2)
  4 worms
  A giant gecko (D:1)
  An orc (D:2)
  4 goblins (D:2)
  6 hobgoblins
  6 jackals
  5 kobolds
  3 ball pythons (D:2)
  4 bats
  3 giant cockroaches
  2 giant newts
  7 rats
47 creatures vanquished.

Notes
Turn   | Place    | Note
--------------------------------------------------------------
     0 | D:1      | xeno23 the Tengu Air Elementalist began the quest for the Orb.
     0 | D:1      | Reached XP level 1. HP: 10/10 MP: 4/4
   195 | D:1      | Reached XP level 2. HP: 15/15 MP: 3/6
   447 | D:2      | Reached XP level 3. HP: 19/19 MP: 0/7
   722 | D:2      | Learned a level 3 spell: Static Discharge
   834 | D:2      | Reached XP level 4. HP: 18/24 MP: 2/9
   982 | D:3      | Reached skill level 5 in Air Magic
   999 | D:3      | Found a blossoming altar of Fedhas.
  1024 | D:3      | Slain by an orc

Action                   |  1- 3 |  4- 6 || total
-------------------------+-------+-------++-------
Melee: Unarmed           |     7 |       ||     7
       Dagger            |    16 |     9 ||    25
 Cast: Shock             |    59 |    21 ||    80
  Eat: Chunk             |       |     1 ||     1
